 Dungeon Crawl Stone Soup version 0.32-a0-485-g70f7560b1c (webtiles) character file.

Game seed: 6434056491414542714

170 gimp the Ducker (level 5, -18/48 HPs)
             Began as a Deep Elf Shapeshifter on Feb 27, 2024.
             Was a Follower of Wu Jian.
             Demolished by an ogre
             ... wielding a +0 giant spiked club
              (30 damage)
             ... on level 4 of the Dungeon.
             The game lasted 00:06:27 (3651 turns).

gimp the Ducker (Deep Elf Shapeshifter)             Turns: 3651, Time: 00:06:27

Health: -18/48     AC:  2    Str: 11    XL:     5   Next: 25%
Magic:  7/7        EV: 13    Int: 15    God:    Wu Jian [*.....]
Gold:   42         SH:  0    Dex: 16    Spells: 4/4 levels left

rFire   . .          .
                       - Unarmed
rCold   . . .        (no shield)
rNeg    . . .        a - +0 animal skin
rPois   .            (helmet currently unavailable)
rElec   .            (cloak currently unavailable)
rCorr   .            (gloves currently unavailable)
SInv    .            (boots currently unavailable)
Will    .....        (no amulet) Stlth
                     (no ring)
HPRegen 0.28/turn    (no ring)
MPRegen 0.10/turn

%: no passive effects
@: berserking, beast-form, very quick
A: beast (slay +1)
a: Begin Untransformation, Renounce Religion


You were on level 4 of the Dungeon.
You worshipped Wu Jian.
Wu Jian was aware of your devotion.
You were a hulking beast.
You visited 2 branches of the dungeon, and saw 5 of its levels.

You collected 146 gold pieces.
You spent 104 gold pieces at shops.

Inventory:

Armour
 a - a +0 animal skin (worn)
 l - a +0 helmet
 t - a +0 pair of boots
Talismans
 c - a beast talisman (active)
 d - a flux talisman
 n - a blade talisman
Scrolls
 e - 2 scrolls of enchant armour {unknown}
 f - 2 scrolls of vulnerability {unknown}
 g - 2 scrolls of teleportation {unknown}
 h - a scroll of revelation {unknown}
 k - a scroll of amnesia {unknown}
 o - 2 scrolls of identify
 p - 2 scrolls of blinking {unknown}
 q - a scroll of butterflies {unknown}
 u - a scroll of brand weapon {unknown}
Potions
 b - 3 potions of curing
 i - a potion of haste
 j - 2 potions of invisibility
 m - a potion of cancellation {unknown}
 r - 2 potions of mutation {unknown}
 s - a potion of attraction {unknown}


   Skills:
 * Level 3.0 Fighting
 + Level 3.8 Dodging
 + Level 3.2 Unarmed Combat
 - Level 3.2 Shapeshifting


You had 4 spell levels left.
You didn't know any spells.
Your spell library contained the following spells:

 Spells                   Type           Power      Damage    Failure   Level
 Kiss of Death            Conj/Necr      0%         2d5       26%         1
 Sandblast                Erth           0%         2d4       26%         1
 Slow                     Hex            0%         N/A       26%         1
 Confusing Touch          Hex            0%         N/A       63%         3
 Passwall                 Erth           0%         N/A       63%         3
 Sigil of Binding         Hex            0%         N/A       63%         3
 Stone Arrow              Conj/Erth      0%         3d7       63%         3
 Vampiric Draining        Necr           0%         2d6       63%         3
 Animate Armour           Summ/Erth      0%         N/A       95%         4
 Brom's Barrelling Bould  Conj/Erth      0%         2d3       95%         4
 Dispel Undead            Necr           0%         3d6       95%         4
 Lehudib's Crystal Spear  Conj/Erth      0%         10d2      100%        8


Dungeon Overview and Level Annotations

Branches:
Dungeon (4/15)             Temple (1/1) D:4

Altars:
Elyvilon
Fedhas
Gozag
Kikubaaqudgha
Nemelex Xobeh
Okawaru
Qazlal
Sif Muna
Trog
Vehumet
Wu Jian
Xom
Yredelemnul
Zin

Shops:
D:4 !


Message History

The hound closely misses you. The hound barely misses you.
You closely miss the hound.
The hound is severely wounded.
The hound bites you.
You hit the hound.
The hound is almost dead.
The hound bites you but does no damage. The hound bites you.
You take 3 damage, and have 25/32 hp.
You miss the hound.
The hound is almost dead.
The hound closely misses you.
You closely miss the hound.
The hound is almost dead.
The hound bites you. The hound misses you.
You take 5 damage, and have 20/32 hp.
You hit the hound.
You kill the hound!
The Council accepts your kill.
Your Fighting skill increases to level 3!
No target in view!
t - a +0 pair of boots Unknown command.
You now have 95 gold pieces (gained 11).
r - 2 yellow potions (gained 1)
A ball python comes into view.
Health restored: 32 A ball python comes into view.
Found a stone staircase leading up.
The ball python hisses angrily.
The ball python hisses angrily.
You hit the ball python.
You kill the ball python!
The Council accepts your kill.
The ball python attacks as it pursues you!
The ball python closely misses you. The ball python grabs you.
The ball python constricts you.
The ball python bites you but does no damage.
The ball python constricts you.
You closely miss the ball python. The ball python bites you.
The ball python constricts you.
You take 2 damage, and have 30/32 hp.
You hit the ball python.
You kill the ball python!
The Council accepts your kill.
No target in view!
No target in view!
You see here a ball python corpse.
o - 4 scrolls labelled VEDIOS JUETUZO (gained 1)
u - a scroll labelled BOSSUUBRO Health restored: 32
There is an entrance to Lioh's Distillery here.
b - 3 potions of curing (gained 1) Thank you for shopping at Lioh's Distillery!
You can access your shopping list by pressing '$'.
You now have 59 gold pieces (gained 3).
You now have enough gold to buy a potion of berserk rage on this level.
You can access your shopping list by pressing '$'.
You now have 70 gold pieces (gained 11).
You now have 80 gold pieces (gained 10).
Found 3 poisoned darts.
You now have 92 gold pieces (gained 12).
You open the door.
Found a white marble altar of Elyvilon.
There is an open door here.
There is a white marble altar of Elyvilon here.
As you open the door, it creaks loudly!
There is an open door here.
You open the door.
There is an open door here.
There is an open door here.
You now have 107 gold pieces (gained 15).
An ogre comes into view. It is wielding a +0 giant spiked club.
Found 2 golden potions.
The ogre shouts!
Okay, then.
As you read the scroll labelled VEDIOS JUETUZO, it crumbles to dust.
It is a scroll of identify.
i - a potion of haste
As you read the scroll of identify, it crumbles to dust.
j - 2 potions of invisibility
Okay, then.
There is a stone staircase leading up here.
There is an entrance to Lioh's Distillery here.
v - a potion of berserk rage Thank you for shopping at Lioh's Distillery!
A red film seems to cover your vision as you go berserk!
You feel yourself moving faster!
You feel mighty!
The ogre hits you with a +0 giant spiked club!!!
Ouch! That really hurt!
* * * LOW HITPOINT WARNING * * *
You now have 12/48 hp.
You completely miss the ogre. You punch the ogre!
The ogre is moderately wounded.
You barely miss the ogre.
The ogre is moderately wounded.
The ogre hits you with a +0 giant spiked club!!
Ouch! That really hurt!
You die...

....#.#.....#.....#.............#
## #####..####.###............##
#.....##...#.<...........#
######..#.........>.....)....##
#.#..........#.................
###......##.#..##........#...#.#.
............#..................##
###...###.....#..O#.....###......
# #.#...###....#h#....###........
#####..####.....∩......#.........
....#..........#.#........####...
#........#....#...#..##..## #..#
.#..#....#...........#...### #..#
#.#.#....#..##....##.#.....####.#
.#......###.................#....
#.#.............÷.#..#..#......#.
.#...............<#.##.##....###.


You could see an ogre.

Vanquished Creatures
  A hound (D:4)
  3 adders
  A ribbon worm (D:3)
  9 dart slugs
  3 orcs
  6 endoplasms
  8 hobgoblins
  4 jackals (D:1)
  13 kobolds
  6 quokkas
  10 ball pythons
  7 bats
  2 frilled lizards (D:1)
  5 goblins
  8 rats
86 creatures vanquished.

Vanquished Creatures (others)
  An arcanist (D:3)
1 creature vanquished.

Grand Total: 87 creatures vanquished

Notes
Turn   | Place    | Note
-------+----------+-------------------------------------------
     0 | D:1      | gimp the Deep Elf Shapeshifter began the quest for the Orb.
     0 | D:1      | Reached XP level 1. HP: 11/11 MP: 3/3
     6 | D:1      | Noticed a mana viper
     6 | D:1      | Noticed a komodo dragon
     6 | D:1      | Noticed a hog
     7 | D:1      | Noticed a polar bear
     7 | D:1      | Noticed a redback
    90 | D:1      | Reached skill level 1 in Fighting
   133 | D:1      | Reached XP level 2. HP: 13/16 MP: 4/4
   388 | D:1      | Reached XP level 3. HP: 15/21 MP: 5/5
  1004 | D:2      | Found a stormy altar of Qazlal.
  1005 | D:2      | You fall into a shaft and drop 2 floors!
  1006 | D:4      | Found a staircase to the Ecumenical Temple.
  1019 | Temple   | Entered the Ecumenical Temple
  1033 | Temple   | Became a worshipper of the Wu Jian Council
  1093 | D:4      | Found Lioh's Distillery.
  1466 | D:2      | Reached XP level 4. HP: 24/27 MP: 6/6
  2179 | D:3      | Found a bloodstained altar of Trog.
  2182 | D:3      | Noticed a wizard
  2188 | D:3      | Killed a wizard
  2342 | D:3      | Reached * piety under Wu Jian
  2343 | D:3      | Found a faded altar of an unknown god.
  2755 | D:3      | Found a shimmering blue altar of Sif Muna.
  3251 | D:3      | Reached XP level 5. HP: 32/32 MP: 7/7
  3417 | D:4      | Bought a potion of curing for 39 gold pieces
  3559 | D:4      | Found a white marble altar of Elyvilon.
  3616 | D:4      | Noticed an ogre
  3647 | D:4      | Bought a potion of berserk rage for 65 gold pieces
  3651 | D:4      | Demolished by an ogre

Illustrated notes

Levels and vault maps discovered:
D:1:      onia_arrival_zoo_common, layout_loops_cross
D:2:      layout_loops_ring, basic_altar, hangedman_decor_slide_cut
D:3:      minmay_chambers_of_threes, layout_basic, trog_wizard,
          lemuel_blue_sif_altar, shapermc_ecumenical_altar_mp_highgroup
D:4:      layout_cave_pools, ashenzari_conservatory_becter, lemuel_doored_altar,
          minmay_temple_entry_grid, serial_shops, nicolae_shop_advertising_works
          [nicolae_subvault_shop_adworks]
Temple:   jpeg_temple_clearing

Skill      XL: |  1  2  3  4  5 |
---------------+----------------+-----
Fighting       | 1 2 3 |  3.0
Dodging        | 3 |  3.8
Unarmed Combat | 3 |  3.2
Shapeshifting  | |  3.2

Action                     |  1- 3 |  4- 6 || total
---------------------------+-------+-------++-------
  Melee: Unarmed           |   138 |   145 ||   283
         Punch             |     3 |     2 ||     5
Ability: Lunge             |     3 |     7 ||    10
         Whirlwind         |       |     1 ||     1
    Use: Potion            |     1 |     1 ||     2
         Scroll            |       |     2 ||     2
   Stab: Sleeping          |     2 |       ||     2
         Distracted        |       |     2 ||     2
 Armour: Animal skin       |    70 |    72 ||   142
         Skin              |    20 |       ||    20
  Dodge: Dodged            |    76 |    76 ||   152

Table legend: (Time is in decaauts)
 A = Elapsed time spent in this place.
 B = Non-inter-level travel time spent in this place.
 C = Inter-level travel time spent in this place.
 D = Time resting spent in this place.
 E = Time spent auto-exploring this place.
 F = Levels seen in this place.
 G = Mean time per level.
                   A        B        C        D        E       F      G
               +--------+--------+--------+--------+--------+-----+--------+
         Total |   3639 |   3461 |    178 |    106 |   2571 |   5 |  727.8 |
       Dungeon |   3610 |   3445 |    165 |    106 |   2571 |   4 |  902.5 |
        Temple |     28 |     15 |     13 |      0 |      0 |   1 |   28.0 |
               +--------+--------+--------+--------+--------+-----+--------+

Top non-repeatable levels by time:
     D:3: 1374 daAuts
     D:1: 1000 daAuts
     D:2: 786 daAuts
     D:4: 448 daAuts
  Temple: 28 daAuts
